 Dungeon Crawl Stone Soup version 0.31-a0-339-gda1cbd555d (webtiles) character file.

Game seed: 10511476841415362246

8 Iniera the Trooper (level 2, 5/27 HPs)
             Began as a Minotaur Berserker on July 19, 2023.
             Was a Follower of Trog.
             Quit the game on level 1 of the Dungeon on July 20, 2023.
             The game lasted 00:00:44 (110 turns).

Iniera the Trooper (Minotaur Berserker)              Turns: 110, Time: 00:00:45

Health: 5/27       AC:  2    Str: 21    XL:     2   Next: 0%
Magic:  1/1        EV: 12    Int:  4    God:    Trog [*.....]
Gold:   0          SH:  0    Dex:  9    Spells: 1/1 levels left

rFire   . . .        a - +0 short sword
rCold   . . .        (no shield)
rNeg    . . .        b - +0 animal skin
rPois   .            (helmet restricted)
rElec   .            (no cloak)
rCorr   .            (no gloves)
SInv    .            (no boots)
Will    .....        (no amulet)
Stlth   +            (no ring)
HPRegen 0.24/turn    (no ring)
MPRegen 0.07/turn

%: no passive effects
@: no status effects
A: horns 2, retaliatory headbutt
a: Renounce Religion, Berserk


You were on level 1 of the Dungeon.
You worshipped Trog.
Trog was aware of your devotion.
You visited 1 branch of the dungeon, and saw 1 of its levels.

Inventory:

Hand Weapons
 a - a +0 short sword (weapon)
Armour
 b - a +0 animal skin (worn)


   Skills:
 + Level 3.8 Fighting
 + Level 3.4 Short Blades
 + Level 2.6 Armour
 + Level 2.4 Dodging


You had one spell level left.
You didn't know any spells.
Your spell library was empty.

Dungeon Overview and Level Annotations

Branches:
Dungeon (1/15)

Altars:


Innate Abilities, Weirdness & Mutations

You have a pair of horns on your head.
You reflexively headbutt those who attack you in melee.


Message History

You hit the hobgoblin.
The hobgoblin is severely wounded.
The quokka barely misses you. The hobgoblin hits you. The quokka bites you.
You hit the hobgoblin but do no damage.
The hobgoblin is heavily wounded.
The quokka bites you. The hobgoblin completely misses you.
You closely miss the hobgoblin.
The hobgoblin is heavily wounded.
You hit the hobgoblin.
You kill the hobgoblin!
Trog accepts your kill. The quokka bites you. The quokka bites you. x2
* * * LOW HITPOINT WARNING * * *
The dart slug barely misses you.
You completely miss the quokka. The quokka closely misses you.
The quokka bites you.
* * * LOW HITPOINT WARNING * * *
You miss the quokka. You barely miss the quokka. The quokka closely misses you.
You furiously retaliate!
You headbutt the quokka. You barely miss the quokka. You headbutt the quokka.
You kill the quokka!
Trog accepts your kill. The dart slug launches a dart at you.
The slug dart misses you. The dart slug launches a dart at you.
The slug dart misses you.
You recover from your berserk rage.
You hit the dart slug.
The dart slug is heavily wounded.
You hit the dart slug but do no damage. You headbutt the dart slug.
You kill the dart slug!
Trog accepts your kill.
You have reached level 2!
Welcome back, Iniera the Minotaur Berserker.
Trog says: Kill them all!
Press ? for a list of commands and other information.
Unknown command.
Are you sure you want to abandon this character and quit the game? (Confirm with "yes".)

# # # ################
...............####
####............... #
#####....### # #
#..........#.# #
#.###....#@#.#.#..
####.##.#....#..†.......
.....##.#.##.#...#.#....
#######.#........#.# .#
# #.#.#..#.#.# # # #.#
#..#...# # #.# #>.#....
##### #.# #..#.####
....# #.# # ...


There were no monsters in sight!

Vanquished Creatures
  A dart slug (D:1)
  A hobgoblin (D:1)
  A kobold (D:1)
  A quokka (D:1)
  A bat (D:1)
  A frilled lizard (D:1)
6 creatures vanquished.

Notes
Turn   | Place    | Note
-------+----------+-------------------------------------------
     0 | D:1      | Iniera the Minotaur Berserker began the quest for the Orb.
     0 | D:1      | Reached XP level 1. HP: 19/19 MP: 0/0
   100 | D:1      | HP: 1/20 [quokka (3)]
   110 | D:1      | Reached XP level 2. HP: 5/27 MP: 1/1
   110 | D:1      | Upgraded the game from 0.31-a0-331-geda263fcf1 to
                  | 0.31-a0-339-gda1cbd555d
   110 | D:1      | Quit the game

Illustrated notes

Levels and vault maps discovered:
D:1:      dpeg_arrival_fog, layout_basic

Action                     || total
---------------------------++-------
  Melee: Short sword       ||    16
         Headbutt          ||     2
 Invoke: Berserk           ||     1
  Dodge: Dodged            ||    12

Table legend: (Time is in decaauts)
 A = Elapsed time spent in this place.
 B = Non-inter-level travel time spent in this place.
 C = Inter-level travel time spent in this place.
 D = Time resting spent in this place.
 E = Time spent auto-exploring this place.
 F = Levels seen in this place.
 G = Mean time per level.
                   A        B        C        D        E       F      G
               +--------+--------+--------+--------+--------+-----+--------+
         Total |    120 |    120 |      0 |      0 |     54 |   1 |  120.0 |
       Dungeon |    120 |    120 |      0 |      0 |     54 |   1 |  120.0 |
               +--------+--------+--------+--------+--------+-----+--------+

Top non-repeatable levels by time:
     D:1: 120 daAuts
